AoeStats
← ragnarthered875

Nomad

510870725Analyzed
3v3 RM · 23h ago on Oct 2, 2026· 51m 26s· 6 players
Game mode
Random Map
Map size
210×210
Population
200
Speed
Normal
Resources
Standard
Victory
Conquest
Starting age
Dark Age
Ending age
Imperial Age
RankedLock teamsTeams togetherTeam positionsShared explorationLock speedFull tech treeHidden civsTurbo modeCheats
Victory
Defeat
🇲🇽 Franks · Mexico
958
+12
🇨🇴 Japanese · Colombia
886
+15
🇨🇦 Mongols · Canada
782
+21
🇿🇦 Japanese · South Africa
869
-43
🇿🇦 Vikings · South Africa
869
-43
🇺🇸 Goths · United States
869
-43
Killer13347_tt
4:41 Loom
33:48 Feudal Age
35:55 Man-at-Arms
40:31 Town Watch
ragnarthered875
15:09 Feudal Age
15:38 Double-Bit Axe
15:36 Horse Collar
33:12 Castle Age
36:06 Squires
HowlsMysticCharm
16:47 Feudal Age
18:47 Man-at-Arms
29:42 Town Watch
30:35 Wheelbarrow
32:50 Horse Collar
33:02 Double-Bit Axe
35:57 Castle Age
41:50 Forging
42:04 Forging
46:19 Heavy Plow
PatBateman7156
7:47 Loom
14:40 Feudal Age
17:42 Wheelbarrow
17:30 Bloodlines
17:55 Fishing Lines
26:33 Castle Age
28:12 Hand Cart
32:34 Double-Bit Axe
34:16 Bow Saw
33:49 Horse Collar
34:18 Thumb Ring
34:37 Ballistics
34:46 Gold Mining
38:54 Imperial Age
37:51 Heavy Plow
38:04 Padded Archer Armor
37:55 Fletching
38:12 Husbandry
38:21 Town Watch
38:34 Murder Holes
38:50 Masonry
40:04 Leather Archer Armor
39:45 Bodkin Arrow
40:00 Forging
40:13 Conscription
39:40 Elite Mangudai
41:33 Chemistry
41:06 Parthian Tactics
40:51 Capped Ram
42:21 Siege Ram
43:27 Town Patrol
43:58 Scale Barding Armor
44:28 Iron Casting
43:54 Bracer
44:03 Siege Engineers
44:21 Drill
51:45 Blast Furnace
51:06 Chain Barding Armor
masahu95
carlocecco97
3:12 Loom
14:22 Feudal Age
15:48 Wheelbarrow
14:59 Double-Bit Axe
23:51 Stone Mining
23:52 Gold Mining
28:43 Castle Age
28:51 Scale Barding Armor
28:48 Scale Mail Armor
28:59 Forging
29:40 Bow Saw
29:48 Hand Cart
29:36 Husbandry
34:30 Gold Shaft Mining
34:46 Murder Holes
34:42 Treadmill Crane
36:39 Ballistics
42:38 Imperial Age
40:50 Chain Barding Armor
40:45 Chain Mail Armor
41:05 Iron Casting
41:24 Masonry
42:39 Cavalier
42:42 Pikeman
43:23 Squires
42:53 Heavy Scorpion
44:36 Chivalry
45:41 Chemistry
44:20 Paladin
48:47 Plate Barding Armor
48:43 Plate Mail Armor
48:48 Iron Casting
48:03 Arrowslits
48:57 Hoardings
50:52 Iron Casting
Connection lost

Rejoining the realm…

Still unreachable

The connection could not be restored.

Session expired

The server has moved on; the page needs a fresh start.